 Dungeon Crawl Stone Soup version 0.31.0-1-g2c135a008e (webtiles) character file.

Game seed: 15273586719565881059

35 qw the Shooter (level 3, 0/29 HPs)
             Began as a Djinni Hunter on Jan 23, 2024.
             Slain by a gnoll
             ... wielding a +0 club
              (5 damage)
             ... on level 1 of the Dungeon.
             The game lasted 00:00:02 (598 turns).

qw the Shooter (Djinni Hunter)                       Turns: 598, Time: 00:00:03

Health: 0/29       AC:  5    Str: 10    XL:     3   Next: 55%
Gold:   47         EV: 12    Int: 10    God:
                   SH:  0    Dex: 18

rFire   + + .        a - +0 shortbow
rCold   x . .        (shield currently unavailable)
rNeg    . . .        c - +0 leather armour
rPois   inf          f - +2 hat
rElec   .            (no cloak)
rCorr   .            (no gloves)
SInv    .            (boots unavailable)
Will    .....        (no amulet)
Stlth   ++           (no ring)
HPRegen 0.24/turn    (no ring)
MPRegen 0.00/turn

%: infuse magic (-1 HP)
@: flying
A: sickness immunity, fire resistance 2, cold vulnerability 1, float, innate
caster, HP casting, extra vitality 1
a: no special abilities


You were on level 1 of the Dungeon.
You visited 1 branch of the dungeon, and saw 2 of its levels.

You collected 47 gold pieces.


Innate Abilities, Weirdness & Mutations

You are immune to sickness and miasma.
You are immune to poison.
Your flesh is very heat resistant. (rF++)
You are vulnerable to cold. (rC-)
You float through the air rather than walking.
You learn spells naturally, not from books.
Your magical power is your life essence.
You have superior vitality. (+4 MHP)


   Skills:
 + Level 2.5 Fighting
 - Level 4.0 Ranged Weapons
 - Level 2.1 Dodging
 - Level 0.7 Stealth


You knew the following spells:

 Your Spells              Type           Power      Damage    Failure   Level
a - Necrotise             Necr           0%         1d4       45%         1
Your spell library was empty.

Inventory:

Hand Weapons
 a - a +0 shortbow (weapon)
Armour
 c - a +0 leather armour (worn)
 f - a +2 hat (worn)
Potions
 d - a potion of curing

Dungeon Overview and Level Annotations

Branches:
Dungeon (2/15)

Altars:

Shops:
D:1 !


Message History

The ball python closely misses you. x2
You fly upwards.
There is a stone staircase leading down here.
You shoot an arrow. The arrow hits the ball python.
You kill the ball python!
You start resting.
HP restored.
Done exploring.
What level of the Dungeon? (default 2, ? - help)
You fly downwards.
A bat comes into view.
The gnoll throws a throwing net.
The throwing net closely misses you. The gnoll closely misses you.
The gnoll hits you with a +0 whip.
The gnoll hits you from afar with a +0 halberd.
The bat moves out of view.
There is a stone staircase leading up here.
589 ||| STAIRDANCE The gnoll barely misses you.
The gnoll hits you with a +0 club.
You fly upwards.
There is a stone staircase leading down here.
You shoot an arrow. The arrow barely misses the gnoll.
The gnoll hits you with a +0 whip. The gnoll hits you with a +0 club.
You shoot an arrow. The arrow hits the gnoll!
The gnoll is severely wounded.
The gnoll barely misses you. x2
You shoot an arrow. The arrow hits the gnoll.
You kill the gnoll!
The gnoll hits you with a +0 club.
You shoot an arrow. The arrow barely misses the gnoll.
The gnoll closely misses you. The gnoll hits you but does no damage.
You shoot an arrow. The arrow barely misses the gnoll.
The gnoll hits you with a +0 club.
You shoot an arrow.
The arrow hits the gnoll but does no damage.
The gnoll closely misses you.
You shoot an arrow. The arrow closely misses the gnoll.
The gnoll hits you with a +0 club.
You shoot an arrow. The arrow barely misses the gnoll.
The gnoll barely misses you. The gnoll hits you with a +0 club.
You die...

........#....##...............#..
......#.#(...#..#######..........
....?..........## #..........
.............### #####..........
.......#......#####..............
.......#.........................
................###..#...........
.......#...#....g%.........##....
.....#..#.#..#.)@................
######...\......###.......###...#
#..#.#......##.......# ###..
#.#...#.#............# #.#
##.......#...........## #.#
##..#.......###........## #..
#...........# #.........######
####...........# #.......#.##....
#..............# #..##..%.....#..


You could see a gnoll.

Vanquished Creatures
  A gnoll (D:1)
  7 ball pythons (D:1)
  2 bats (D:1)
  2 endoplasms (D:1)
  2 goblins (D:1)
  4 hobgoblins
  2 jackals (D:1)
  3 frilled lizards (D:1)
  2 kobolds (D:1)
25 creatures vanquished.

Notes
Turn   | Place    | Note
-------+----------+-------------------------------------------
     0 | D:1      | qw the Djinni Hunter began the quest for the Orb.
     0 | D:1      | Reached XP level 1. HP: 18/18 MP: 0/0
     0 | D:1      | 0 ||| qw: Version: 0.3-a-132-g3d54051
     0 | D:1      | 0 ||| qw: Game counter: 637
     0 | D:1      | 0 ||| qw: Melee chars always use a shield: true
     0 | D:1      | 0 ||| qw: God list: Okawaru
     0 | D:1      | 0 ||| qw: Allow faded altars: false
     0 | D:1      | 0 ||| qw: Do Orc after clearing Dungeon:15 true
     0 | D:1      | 0 ||| qw: Do second Lair branch before Depths: true
     0 | D:1      | 0 ||| qw: Lair rune preference: random
     0 | D:1      | 0 ||| qw: Goals: Normal
     0 | D:1      | 0 ||| PLANNING D:1-11
    86 | D:1      | Reached XP level 2. HP: 23/23 MP: 0/0
   174 | D:1      | Found Zuorof's Distillery.
   184 | D:1      | 184 ||| SHOPLISTING potion of curing (36 gold, have 0).
   184 | D:1      | 184 ||| SHOPLISTING potion of mutation (96 gold, have 0).
   353 | D:1      | Reached XP level 3. HP: 27/28 MP: 0/0
   353 | D:1      | Learned a level 1 spell: Necrotise
   354 | D:1      | Reached skill level 4 in Ranged Weapons
   541 | D:1      | 541 ||| UPGRADING to +2 hat.
   546 | D:1      | 546 ||| READING scroll labelled CYPNIYR RUULI.
   549 | D:1      | 549 ||| DRINKING 2 blue potions.
   550 | D:1      | 550 ||| DROPPING scroll of butterflies.
   567 | D:2      | 567 ||| STAIRDANCE
   589 | D:2      | 589 ||| STAIRDANCE
   595 | D:1      | HP: 7/29 [gnoll/+0 club (4)]
   598 | D:1      | Slain by a gnoll

Levels and vault maps discovered:
D:1:      evilmike_arrival_crescent, layout_rooms, serial_shops,
          nicolae_shop_advertising_works [nicolae_subvault_shop_adworks],
          minmay_misc_feat_secret_circle
D:2:      layout_rooms, shapermc_ecumenical_altar_rom_forum,
          grunt_ministairs_12, chequers_decorated_corner

Skill      XL: |  1  2  3 |
---------------+----------+-----
Ranged Weapons | 4 |  4.0
Fighting       | |  2.5
Dodging        | |  2.1
Stealth        | |  0.7

Action                     || total
---------------------------++-------
   Fire: Shortbow          ||    68
    Use: Scroll            ||     1
         Potion            ||     1
 Armour: Leather armour    ||    25
  Dodge: Dodged            ||    32

Table legend:
 A = Non-vault XP
 B = Vault XP
 C = Vault XP percentage of total XP
 D = Non-vault monster count
 E = Vault monster count
 F = Vault count percentage of total count
                 A         B        C        D         E       F
            +---------+---------+-------+---------+---------+-------
      Total |      51 |       0 |   0.0 |      25 |       0 |   0.0
            +---------+---------+-------+---------+---------+-------
        D:1 |      49 |       0 |   0.0 |      24 |       0 |   0.0
        D:2 |       2 |       0 |   0.0 |       1 |       0 |   0.0
            +---------+---------+-------+---------+---------+-------
